 Dungeon Sprint DCSS version 0.30-a0-591-g3c58d2bc28 (webtiles) character file.

Game seed: 11595868479558540190

476 BigDaddyOpFi the Cleaver (level 7, 0/69 HPs)
             Began as a Hill Orc Fighter on Jan 5, 2023.
             Was a Follower of Qazlal.
             Slain by a troll (3 damage)
             ... in the Dungeon (Sprint IX: "|||||||||||||||||||||||||||||").
             The game lasted 00:01:07 (560 turns).

BigDaddyOpFi the Cleaver (Hill Orc Fighter)          Turns: 560, Time: 00:01:08

Health: 0/69       AC: 17    Str: 21    XL:     7   Next: 10%
Magic:  8/10       EV:  6    Int: 11    God:    Qazlal [*.....]
Gold:   0          SH:  7    Dex: 10    Spells: 6/6 levels left

rFire   . . .      SeeInvis .    m - +1 broad axe (freeze)
rCold   . . .      Faith    .    c - +0 buckler
rNeg    . . .      Spirit   .    o - +0 plate armour
rPois   .          Reflect  .    (no helmet)
rElec   .          Harm     .    n - +0 cloak
rCorr   .          Rampage  .    (no gloves)
Will    .....      NoTele   +    (no boots) Stlth
                                 (no amulet)
HPRegen 0.31/turn                q - +2 ring of protection
MPRegen 0.12/turn                p - +3 ring of intelligence

@: no status effects
A: no striking features
a: Renounce Religion


You were in the Dungeon.
You worshipped Qazlal.
Qazlal was aware of your devotion.
You visited 1 branch

Inventory:

Hand Weapons
 m - a +1 broad axe of freezing (weapon)
Armour
 c - a +0 buckler (worn)
 n - a +0 cloak (worn)
 o - a +0 plate armour (worn)
Jewellery
 p - a +3 ring of intelligence (right hand)
 q - a +2 ring of protection (left hand)
Wands
 l - a wand of quicksilver (6) (quivered)
Scrolls
 j - 2 scrolls of blinking
 k - 2 scrolls of amnesia
Potions
 d - a potion of invisibility
 e - 5 potions of curing
 f - 2 potions of heal wounds
 g - a potion of haste
 h - 4 potions of magic
 i - a potion of berserk rage


   Skills:
 + Level 8.9 Fighting
 + Level 9.2 Axes
 + Level 8.1 Armour
 + Level 8.2 Shields
 + Level 4.0 Invocations
 * Level 4.4 Evocations


You had 6 spell levels left.
You didn't know any spells.
Your spell library was empty.

Dungeon Overview and Level Annotations

Branches:
Dungeon (1/1)

Altars:
Cheibriados
Dithmenos
Elyvilon
Fedhas
Gozag
Hepliaklqana
Kikubaaqudgha
Makhleb
Nemelex Xobeh
Okawaru
Qazlal
Ru
Sif Muna
Trog
Uskayaw
Vehumet
Wu Jian
Xom
Yredelemnul
Zin
The Shining One
Beogh
Jiyva
Lugonu


Message History

The gnoll sergeant hits you but does no damage.
You hit the gnoll sergeant. You freeze the gnoll sergeant.
The gnoll sergeant is lightly wounded.
The gnoll sergeant hits you with a +0 spear.
You hit the gnoll sergeant but do no damage.
The gnoll sergeant is lightly wounded.
The gnoll sergeant hits you but does no damage.
The gnoll sergeant hits you with a +0 spear.
You slash the gnoll sergeant! You freeze the gnoll sergeant.
The gnoll sergeant is almost dead.
The gnoll sergeant hits you with a +0 spear!
* * * LOW HITPOINT WARNING * * *
You closely miss the gnoll sergeant.
The gnoll sergeant is almost dead.
The gnoll sergeant hits you but does no damage.
Aiming: Quicksilver Bolt
Press: ? - help, Q - select action Shift-Dir - straight line, f/p - troll
Aim: a troll (74% to hit)
The bolt of dispelling energy hits the gnoll sergeant!!
You kill the gnoll sergeant!
Qazlal accepts your kill.
The bolt of dispelling energy misses the troll.
Your Invocations skill increases to level 4!
You have reached level 7!
Aiming: Quicksilver Bolt
Press: ? - help, Q - select action Shift-Dir - straight line, f/p - troll
Aim: a troll (74% to hit)
The bolt of dispelling energy hits the troll!!
The troll is severely wounded.
The troll bites you.
* * * LOW HITPOINT WARNING * * *
You block the troll's attack. The troll claws you but does no damage.
Aiming: Quicksilver Bolt
Press: ? - help, Q - select action Shift-Dir - straight line, f/p - troll
Aim: a troll (severely wounded, 74% to hit)
The bolt of dispelling energy misses the troll.
The troll bites you.
* * * LOW HITPOINT WARNING * * *
The troll claws you.
You die...

▓+▓
▓.▓
▓.▓
▓.▓
▓T▓
▓@▓
▓)▓
▓)▓
▓[▓
▓.▓
▓.▓
▓[▓
▓.▓
▓.▓


You could see a troll.

Vanquished Creatures
  An ogre (D)
  2 centaurs (D)
  A gnoll sergeant (D)
  A scorpion (D)
  2 hounds (D)
  2 orc wizards (D)
  A dart slug (D)
  An orc (D)
  A ball python (D)
  2 bats (D)
  A giant cockroach (D)
15 creatures vanquished.

Notes
Turn   | Place    | Note
-------+----------+-------------------------------------------
     0 | D        | BigDaddyOpFi the Hill Orc Fighter began the quest for the
                  | Orb.
     0 | D        | Reached XP level 1. HP: 19/19 MP: 1/1
     6 | D        | Reached skill level 3 in Axes
    11 | D        | Reached XP level 2. HP: 25/27 MP: 2/2
   119 | D        | Noticed an ogre
   119 | D        | Noticed a scorpion
   132 | D        | Killed a scorpion
   133 | D        | Reached skill level 5 in Fighting
   133 | D        | Reached skill level 5 in Axes
   133 | D        | Reached skill level 5 in Armour
   133 | D        | Reached skill level 5 in Shields
   133 | D        | Reached XP level 3. HP: 13/37 MP: 3/3
   133 | D        | Reached XP level 4. HP: 15/44 MP: 4/4
   136 | D        | Killed an ogre
   137 | D        | Reached skill level 7 in Axes
   137 | D        | Reached XP level 5. HP: 26/52 MP: 5/5
   144 | D        | Reached skill level 8 in Axes
   471 | D        | Found a roughly hewn altar of Beogh.
   471 | D        | Found a snail-covered altar of Cheibriados.
   471 | D        | Found a shadowy altar of Dithmenos.
   471 | D        | Found a white marble altar of Elyvilon.
   471 | D        | Found a blossoming altar of Fedhas.
   471 | D        | Found an opulent altar of Gozag.
   472 | D        | Found a hazy altar of Hepliaklqana.
   473 | D        | Found a viscous altar of Jiyva.
   474 | D        | Found an ancient bone altar of Kikubaaqudgha.
   475 | D        | Found a corrupted altar of Lugonu.
   476 | D        | Found a burning altar of Makhleb.
   477 | D        | Found a sparkling altar of Nemelex Xobeh.
   478 | D        | Found an iron altar of Okawaru.
   479 | D        | Found a stormy altar of Qazlal.
   480 | D        | Found a sacrificial altar of Ru.
   481 | D        | Found a shimmering blue altar of Sif Muna.
   482 | D        | Found a bloodstained altar of Trog.
   483 | D        | Found a hide-covered altar of Uskayaw.
   484 | D        | Found a radiant altar of Vehumet.
   485 | D        | Found an ornate altar of the Wu Jian Council.
   486 | D        | Found a shimmering altar of Xom.
   487 | D        | Became a worshipper of Qazlal Stormbringer
   488 | D        | Found a basalt altar of Yredelemnul.
   489 | D        | Found a glowing silver altar of Zin.
   490 | D        | Found a glowing golden altar of the Shining One.
   537 | D        | Noticed a troll
   537 | D        | Noticed a centaur
   537 | D        | Noticed a centaur
   539 | D        | Reached XP level 6. HP: 51/61 MP: 6/6
   545 | D        | Reached * piety under Qazlal
   546 | D        | Reached skill level 9 in Axes
   559 | D        | Reached XP level 7. HP: 13/69 MP: 7/10
   560 | D        | HP: 3/69 [troll (6)]
   560 | D        | Slain by a troll

Illustrated notes

Levels and vault maps discovered:
D:        linesprint [early_d, line_temple, items_1, d_10, items_2, lair_1,
          lair_end, items_3, orc_1, orc_end, items_4, d_15, swamp_1, shoals_1,
          snake_1, spider_1, d_20, vaults_1, items_5, swamp_end, shoals_end,
          snake_end, spider_end, vaults_end, d_27, items_6, zot_1, zot_end,
          crypt_end, forest_end, elf_end, slime_end, tomb_end, abyss_end,
          pan_hell_end]

Skill      XL: |  1  2  3  4  5  6 |
---------------+-------------------+-----
Fighting       | 4 5 7 8 |  8.9
Axes           | 3 5 7 8 9 |  9.2
Armour         | 5 6 7 8 |  8.1
Shields        | 5 6 7 8 |  8.2
Invocations    | 4 |  4.0
Evocations     | 4 |  4.4

Action                   |  1- 3 |  4- 6 |  7- 9 || total
-------------------------+-------+-------+-------++-------
Melee: War axe           |    21 |    10 |       ||    31
       Broad axe         |       |    16 |       ||    16
Evoke: Wand              |       |     2 |     2 ||     4
  Use: Potion            |     1 |     1 |       ||     2
Armor: Scale mail        |    12 |     4 |       ||    16
       Plate armour      |       |    11 |     1 ||    12
Dodge: Dodged            |     9 |     4 |       ||    13
Block: Buckler           |     3 |    12 |     1 ||    16

Table legend: (Time is in decaauts)
 A = Elapsed time spent in this place.
 B = Non-inter-level travel time spent in this place.
 C = Inter-level travel time spent in this place.
 D = Time resting spent in this place.
 E = Time spent auto-exploring this place.
 F = Levels seen in this place.
 G = Mean time per level.
                   A        B        C        D        E       F      G
               +--------+--------+--------+--------+--------+-----+--------+
         Total |    570 |    570 |      0 |    421 |      0 |   1 |  570.0 |
       Dungeon |    570 |    570 |      0 |    421 |      0 |   1 |  570.0 |
               +--------+--------+--------+--------+--------+-----+--------+

Top non-repeatable levels by time:
       D: 570 daAuts
